 Dungeon Crawl Stone Soup version 0.16.1-12-gf5c4a84 (webtiles) character file.

721574 jacksonaction the Bludgeoner (level 27, -13/225 (228) HPs)
             Began as a Minotaur Fighter on Apr 8, 2015.
             Was a High Priest of Okawaru.
             Mangled by a phantasmal warrior (16 damage)
             ... summoned by an unborn
             ... while paralysed by a vampire knight
             ... on level 13 of a ziggurat on Apr 9, 2015.
             The game lasted 16:26:40 (94161 turns).

jacksonaction the Bludgeoner (Minotaur Fighter)    Turns: 94161, Time: 16:26:40

HP:   -13/225 (228) AC: 39    Str: 52    XL:     27
MP:   48/48         EV:  2    Int: 11    God:    Okawaru [*****.]
Gold: 4504          SH:  0    Dex: 10    Spells: 13 memorised, 1 level left

rFire  . . .     SeeInvis +     X - +9 trident of Okawaru's Outrage {flame, rC+ rN+ Str+4 Dex-5 Stlth+}
rCold  + + .     Clarity  .     V - +8 chain mail of Dithmenos' Hatred {rC+ rCorr Dex-3}
rNeg   + + .     SustAb   .     L - +5 shield {reflect}
rPois  .         Gourm    .     R - +3 crown of Dyrovepreva {rElec Int+2 SInv}
rElec  +         Spirit   .     E - +1 cloak of Impatience {MR- Str+8 Int+2}
rCorr  +         Warding  .     Y - +2 pair of gloves {Str+3}
rMut   .         Stasis   .     m - +2 pair of boots {Fly}
MR     +....                    v - amulet of Equivalence {rCorr rElec MR+ MP+9 Slay+3}
Stlth  ..........               r - ring of the Special Wonders {Wiz Str+7 Slay+3}
                                t - ring of Khophu Naxi {Wiz rN+ MR+ Str+4}

@: paralysed, vulnerable, afraid, heroism, finesse, flying, very slightly
contaminated, drained, somewhat resistant to hostile enchantments, extremely
unstealthy
A: retaliatory headbutt, horns 2, clever 1, deterioration 1
a: Heroism, Finesse, Renounce Religion, Stop Flying
}: 3/15 runes: serpentine, barnacled, silver


You were on level 13 of a ziggurat.
You worshipped Okawaru.
Okawaru was extremely pleased with you.
You were hungry.

You visited 13 branches of the dungeon, and saw 61 of its levels.
You visited 1 ziggurat, and saw 13 of its levels.
You also visited: Trove and Ice Cave.

You collected 9780 gold pieces.
You spent 5276 gold pieces at shops.

Inventory:

Hand weapons
 a - the +4 mace "Impbane" {holy, rF+ rC+ MR+ Dex-3 SInv}
   (You found it on level 6 of the Dungeon)

   It has been blessed by the Shining One to cause great damage to the undead
   and demons.
   It affects your dexterity (-3).
   It protects you from fire.
   It protects you from cold.
   It affects your resistance to hostile enchantments.
   It enhances your eyesight.
 u - a +9 demon whip of venom
 x - a +9 hunting sling of flaming
 X - the +9 trident of Okawaru's Outrage (weapon) {flame, rC+ rN+ Str+4 Dex-5 Stlth+}
   (You found it on level 9 of a ziggurat)

   It has been specially enchanted to burn those struck by it, causing extra
   injury to most foes and up to half again as much damage against particularly
   susceptible opponents.
   It affects your strength (+4).
   It affects your dexterity (-5).
   It protects you from cold.
   It protects you from negative energy.
   It makes you more stealthy.
Missiles
 b - 70 sling bullets of frost
 g - 60 silver sling bullets
 z - 41 steel sling bullets
 S - 54 exploding sling bullets
Armour
 m - a +2 pair of boots of flying (worn)
 E - the +1 cloak of Impatience (worn) {MR- Str+8 Int+2}
   (You acquired it on level 8 of the Lair of Beasts)

   It affects your strength (+8).
   It affects your intelligence (+2).
   It affects your resistance to hostile enchantments.
 L - a +5 shield of reflection (worn)
 R - the +3 crown of Dyrovepreva (worn) {rElec Int+2 SInv}
   (You found it on level 5 of the Vaults)

   It affects your intelligence (+2).
   It insulates you from electricity.
   It enhances your eyesight.
 V - the +8 chain mail of Dithmenos' Hatred (worn) {rC+ rCorr Dex-3}
   (You found it in a treasure trove)

   It affects your dexterity (-3).
   It protects you from cold.
   It protects you from acid and corrosion.
 Y - a +2 pair of gloves of strength (worn)
Jewellery
 j - the ring of Lugonu's Envy {rPois rC+ Str-4 Int+4 Dex+2}
   (You found it on level 10 of a ziggurat)

   [ring of intelligence]

   It affects your strength (-4).
   It affects your intelligence (+4).
   It affects your dexterity (+2).
   It protects you from cold.
   It protects you from poison.
 r - the ring of the Special Wonders (right hand) {Wiz Str+7 Slay+3}
   (You found it on level 3 of the Snake Pit)

   [ring of wizardry]

   It improves your spell success rate.
   It affects your strength (+7).
   It affects your accuracy and damage with ranged weapons and melee attacks
   (+3).
 t - the ring of Khophu Naxi (left hand) {Wiz rN+ MR+ Str+4}
   (You took it off a deep elf demonologist on level 3 of the Elven Halls)

   [ring of wizardry]

   It improves your spell success rate.
   It affects your strength (+4).
   It protects you from negative energy.
   It affects your resistance to hostile enchantments.
 v - the amulet of Equivalence (around neck) {rCorr rElec MR+ MP+9 Slay+3}
   (You found it on level 8 of a ziggurat)

   [amulet of resist corrosion]

   It protects you from acid and corrosion.
   It affects your accuracy and damage with ranged weapons and melee attacks
   (+3).
   It insulates you from electricity.
   It affects your resistance to hostile enchantments.
   It affects your magic capacity (+9).
 w - the ring of Freedom {+Inv rPois rF+ rC- Str+3 Int-5}
   (You bought it in a shop on level 4 of the Orcish Mines)

   [ring of protection from fire]

   It affects your strength (+3).
   It affects your intelligence (-5).
   It protects you from fire.
   It makes you vulnerable to cold.
   It protects you from poison.
   It lets you turn invisible.
 B - an uncursed amulet of clarity
 C - an uncursed amulet of stasis
 O - the ring "Crey" {rPois Str-2 Int+10}
   (You bought it in a shop on level 4 of the Orcish Mines)

   [ring of poison resistance]

   It affects your strength (-2).
   It affects your intelligence (+10).
   It protects you from poison.
Magical devices
 i - a wand of digging (4)
 D - a wand of hasting (3)
 Z - a wand of invisibility (3)
Scrolls
 c - 16 scrolls of identify
 f - a scroll of brand weapon
 h - 6 scrolls of fog
 n - 7 scrolls of recharging
 p - 22 scrolls of remove curse
 s - 6 scrolls of enchant armour
 y - 2 scrolls of blinking
 G - 7 scrolls of magic mapping
 K - 6 scrolls of enchant weapon
 P - 17 scrolls of teleportation
 Q - a scroll of acquirement
 T - 7 scrolls of fear
Potions
 e - 6 potions of might
 k - 2 potions of berserk rage
 q - 2 potions of curing
 A - 4 potions of resistance
 F - 3 potions of haste
 H - 3 potions of cure mutation
 I - 6 potions of magic
 U - 12 potions of restore abilities
 W - 9 potions of cancellation
Miscellaneous
 M - the horn of Geryon
Comestibles
 d - 36 bread rations
 l - 32 meat rations
 o - a beef jerky
 J - 35 fruits
 N - 6 royal jellies


   Skills:
 - Level 15.2(20.2) Fighting
   Level 3.5(8.5) Long Blades
 - Level 20.2(25.2) Maces & Flails
 + Level 11.4(16.3) Polearms
 - Level 10.0(16.1) Slings
 - Level 7.4(14.4) Throwing
 - Level 19.0(24.0) Armour
 - Level 18.0(22.9) Dodging
 - Level 20.0(25.0) Shields
 - Level 12.0 Spellcasting
 - Level 0.1(0.0) Conjurations
 - Level 12.0 Hexes
 - Level 13.0(12.9) Charms
 - Level 4.0 Necromancy
 - Level 13.0(12.9) Translocations
 - Level 10.0(9.9) Transmutations
   Level 4.0 Air Magic
 - Level 10.0(9.9) Earth Magic
 - Level 2.1 Poison Magic
 - Level 15.0(14.9) Invocations
 - Level 6.0 Evocations


You had one spell level left.
You knew the following spells:

 Your Spells              Type           Power        Failure   Level  Hunger
a - Song of Slaying       Chrm           #####...     1%          2    None
b - Regeneration          Chrm/Necr      ####......   1%          3    #......
c - Haste                 Chrm           #####...     4%          6    ######.
d - Invisibility          Hex            ####....     5%          6    ######.
e - Blink                 Tloc           N/A          1%          2    None
f - Portal Projectile     Tloc           #####.       1%          3    #......
g - Cure Poison           Pois           ##........   3%          2    None
h - Stoneskin             Trmt/Erth      ####....     1%          2    None
i - Apportation           Tloc           #####.....   1%          1    None
j - Vampiric Draining     Necr           ###.......   3%          3    #......
k - Controlled Blink      Tloc           N/A          34%         7    #######
l - Iskenderun's Battles  Conj/Chrm      ###.....     10%         5    #####..
m - Spellforged Servitor  Conj/Summ      #.........   100%        7    #######


Dungeon Overview and Level Annotations

Branches:
Dungeon (15/15)            Temple (1/1) D:6            Lair (8/8) D:11
 Shoals (5/5) Lair:4        Snake (5/5) Lair:3        Slime (0/6) Lair:6
    Orc (4/4) D:10            Elf (3/3) Orc:3        Vaults (5/5) D:13
  Crypt (3/3) Vaults:3       Tomb (1/3) Crypt:3      Depths (5/5) D:15
   Hell (1/1)                 Zot (5/5) Depths:5
    Dis: Hell:1         Geh: Hell:1         Coc: Hell:1         Tar: Hell:1

Altars:
Ashenzari
Cheibriados
Dithmenos
Elyvilon
Fedhas
Gozag
Kikubaaqudgha
Makhleb
Nemelex Xobeh
Okawaru
Qazlal
Ru
Sif Muna
Trog
Vehumet
Xom
Yredelemnul
Zin
The Shining One
Beogh

Shops:
D:10 :   D:11 [   Orc:1 *   Orc:3 (   Orc:4 }=[[=   Shoals:1 =   Shoals:4 *
Snake:1 ?   Vaults:3 [   Vaults:4 %

Portals:
Hell: Depths:1 Depths:2 Depths:3 Depths:4 Depths:5
Abyss: Depths:2 Depths:4
Pandemonium: Depths:1 Depths:3 Depths:4 Depths:5

Annotations:
D:6 SolCadguy's ghost, experienced DrWr
Lair:5 exclusion: oklob plant


Innate Abilities, Weirdness & Mutations

You reflexively headbutt those who attack you in melee.
You have a pair of horns on your head.
Your mind is acute. (Int +2)
Your body is slowly deteriorating.


Message History

The phantom hits you but does no damage.
The vampire knight hits you but does no damage.
The vampire knight bites you but does no damage.
The jiangshi claws you but does no damage.
The jiangshi claws you.
* * * LOW HITPOINT WARNING * * *
The unborn's dark mirror aura disappears.
The phantasmal warrior hits you!
* * * LOW HITPOINT WARNING * * *
The deep elf death mage is engulfed in ghostly flame.
The vampire knight hits you with a war axe!!
* * * LOW HITPOINT WARNING * * *
The vampire knight bites you but does no damage.
The hungry ghost hits you but does no damage.
The phantom blinks!
The shadow wraith hits you but does no damage. x2
The phantom hits you but does no damage.
The vampire knight is no longer moving quickly.
The phantasmal warrior hits you!
You die...

▓▓.........≈≈≈..)§.=)∩}▓▓
▓..∩.......≈8≈.....!=>?|▓
▓▓.........§≈≈......=∩:▓▓
▓.............V....?[=▓
▓.............V.......▓
▓............WWZ..*...▓
▓▓.........ZWLWWn....▓▓
▓▓.......§.eVWVn...▓▓
▓▓........VW@WL..▓▓
▓▓........VWW..▓▓
▓▓▓.........▓▓▓
▓▓▓▓▓.▓▓▓▓▓ ▓▓▓


You could see a ghoul, a revenant, an unborn, 3 vampire knights, an eidolon, a
deep elf death mage, a jiangshi, a vampire mage (invisible), 3 shadow wraiths, a
phantasmal warrior, a spectral titan, a phantom, 2 hungry ghosts, a vampire, a
wraith, a necrophage, a lost soul, a shadow (invisible) and a quicksilver dragon
simulacrum.

Vanquished Creatures
  5 ancient liches
  Sojobo (Vaults:3)
  2 shard shrikes
  Norris (Snake:2)
  Saint Roka (Crypt:2)
  A caustic shrike (Depths:3)
  3 Killer Klowns
  2 curse toes
  Mara (Elf:3)
  Geryon (Hell)
  11 golden dragons
  A profane servitor (Crypt:3)
  Jory (Crypt:2)
  A bone dragon (Crypt:3)
  5 electric golems
  17 tentacled monstrosities
  4 Ice Fiends (Zig:12)
  3 Orb Guardians (Zot:5)
  2 deep elf blademasters (Elf:3)
  A quicksilver dragon (Vaults:4)
  3 krakens (Shoals:5)
  5 titans (Vaults:5)
  11 sphinxes
  8 ancient champions
  5 liches
  9 tengu reavers
  Rupert (D:15)
  8 shadow dragons
  15 storm dragons
  19 draconian monks
  Frances (Snake:5)
  4 revenants
  13 greater nagas
  Ilsuiw (Shoals:5)
  13 vault wardens
  7 deep elf sorcerers
  6 fire giants
  A ghost moth (Zot:5)
  8 frost giants
  3 iron dragons
  Aizul (Shoals:4)
  4 draconian scorchers
  13 draconian zealots
  10 draconian knights
  4 curse skulls
  14 ironheart preservers
  2 orc warlords (Depths:1)
  Gastronok (Orc:3)
  5 reapers
  4 emperor scorpions
  A ghoul (Crypt:3)
  4 draconian annihilators
  A caustic shrike skeleton (Depths:4)
  5 draconian shifters
  7 grey draconians
  11 very ugly things
  2 spriggan defenders (Depths:3)
  A war gargoyle (Vaults:4)
  6 green draconians
  18 stone giants
  7 black draconians
  6 draconian callers
  10 red draconians
  12 deep elf demonologists
  Azrael (D:15)
  A Killer Klown skeleton (Crypt:2)
  12 pale draconians
  12 deep elf annihilators
  6 white draconians
  10 yellow draconians
  A dire elephant (shapeshifter) (Zig:9)
  5 mottled draconians
  9 dire elephants
  5 blizzard demons
  20 ettins
  5 purple draconians
  6 vampire knights
  2 lorocyprocas
  32 vault guards
  5 eidola
  A death ooze (Zig:1)
  Snorg (Orc:3)
  A crystal guardian (Vaults:4)
  5 merfolk javelineers (Shoals:5)
  A mummy priest (Tomb:1)
  3 unborn
  19 jiangshi
  10 deep elf death magi
  Josephine (D:10)
  5 merfolk impalers
  6 deep elf high priests
  21 fire dragons
  23 slime creatures
  Fannar (Lair:1)
  7 great orbs of eyes
  17 yaktaur captains
  A quicksilver dragon skeleton (Crypt:1)
  11 naga warriors
  17 ice dragons
  11 death cobs
  4 rakshasas
  8 merfolk avatars
  Nessos (D:15)
  16 ogre magi
  6 spriggan air magi
  14 anacondas
  3 catoblepae
  Erica (Lair:1)
  8 merfolk aquamancers
  13 hydras
  2 vampire magi
  2 deep troll earth magi (Depths:5)
  6 hell beasts (Hell)
  9 deep troll shamans
  18 dancing weapons
  12 centaur warriors
  2 satyrs (Shoals:5)
  38 death yaks
  2 hell hogs (Depths:5)
  10 tengu warriors
  12 naga sharpshooters
  10 shock serpents
  5 spriggan berserkers
  6 death knights
  3 titan zombies
  The ghost of Shade the Nimble, an experienced DsWz of Vehumet (Orc:1)
  An orc high priest (Depths:1)
  A storm dragon zombie (Crypt:3)
  A soul eater (Crypt:2)
  Nergalle (D:15)
  A sun demon (Depths:1)
  35 deep elf knights
  12 hell knights
  3 fire crabs
  A salamander mystic (Snake:5)
  Erolcha (Orc:2)
  5 iron trolls
  18 sea snakes
  11 ice devils
  4 shadow wraiths
  An infernal demonspawn (Depths:4)
  6 unseen horrors
  16 flayed ghosts
  45 skeletal warriors
  A golden dragon zombie (Depths:4)
  7 naga ritualists
  A giant orange brain (shapeshifter) (Zig:9)
  33 deep trolls
  4 giant orange brains
  2 death drakes
  A putrid demonspawn (Depths:1)
  A lindwurm (shapeshifter) (Vaults:2)
  13 deep elf summoners
  A swamp dragon (Zot:2)
  An ice statue (IceCv)
  An obsidian statue (Zig:2)
  Pikel (D:3)
  A lindwurm (Lair:8)
  20 deep elf conjurers
  A spectral wolf spider (Crypt:2)
  12 hill giants
  14 orc knights
  A tengu zombie (Vaults:2)
  2 wolf spiders (Vaults:1)
  40 ugly things
  A wolf spider (shapeshifter) (D:13)
  42 harpies
  A wizard (D:15)
  4 hornets
  6 oklob plants (Zig:7)
  A faun (shapeshifter) (Vaults:5)
  A fire giant zombie (Tomb:1)
  15 griffons
  8 phantasmal warriors
  2 harpies (shapeshifter)
  21 ironbrand convokers
  A shadow dragon skeleton (Crypt:2)
  24 fauns
  2 tengu skeletons
  2 cyclopes (shapeshifter)
  6 orc sorcerers
  12 necromancers
  2 spectral ettins (Crypt:3)
  5 small abominations
  12 mana vipers
  A sphinx skeleton (Depths:4)
  4 sixfirhies
  A moth of wrath (shapeshifter) (Vaults:5)
  9 water nymphs
  4 salamanders
  14 sirens
  13 vault sentinels
  A fire giant skeleton (Vaults:3)
  6 guardian serpents
  7 cyclopes
  16 manticores
  7 rust devils
  2 draconian skeletons (Zot:4)
  28 moths of wrath
  An octopode (shapeshifter) (Zig:4)
  22 naga magi
  4 elephants
  7 drowned souls
  An efreet (D:13)
  4 apocalypse crabs
  2 kobold demonologists
  2 torpor snails
  48 black mambas
  7 large abominations
  13 spiny frogs
  2 hellions
  12 komodo dragons
  53 yaktaurs
  A spiny frog (shapeshifter) (Depths:2)
  A shock serpent skeleton (Crypt:2)
  An iron troll zombie (Depths:4)
  A yaktaur (shapeshifter) (Vaults:4)
  2 hellwings
  2 tengu conjurers
  6 guardian mummies
  24 deep elf priests
  2 demonic crawlers
  A silent spectre (Zig:8)
  2 red devils
  A death yak skeleton (Depths:4)
  4 anaconda simulacra (IceCv)
  A fire drake (shapeshifter) (Vaults:5)
  3 fire drakes
  A tormentor (Zig:11)
  27 merfolk
  6 blue devils
  19 blink frogs
  16 freezing wraiths
  2 polar bears
  Sonja (Orc:3)
  A jumping spider (shapeshifter) (D:14)
  A snapping turtle (shapeshifter) (Depths:5)
  4 wind drakes (Shoals:5)
  15 trolls
  A hydra skeleton (Crypt:2)
  A queen bee (shapeshifter) (D:13)
  14 ravens
  A blink frog (shapeshifter) (D:13)
  An ettin zombie (Crypt:1)
  A jumping spider zombie (Crypt:2)
  A trapdoor spider zombie (D:15)
  37 two-headed ogres
  6 boulder beetles
  3 ushabtiu (Tomb:1)
  3 basilisks
  A slime creature (shapeshifter) (Vaults:5)
  A fire giant simulacrum (Hell)
  A frost giant simulacrum (Zig:12)
  9 snapping turtles
  2 trapdoor spiders (shapeshifter)
  9 shadows
  A black mamba zombie (Crypt:2)
  7 air elementals
  A spriggan skeleton (Zig:5)
  A deep troll skeleton (Vaults:2)
  61 flying skulls
  A vampire (Crypt:2)
  46 yaks
  3 tarantellas
  3 dire elephant simulacra (IceCv)
  A fire dragon skeleton (Crypt:2)
  12 water elementals
  16 vampire mosquitoes
  19 wraiths
  2 chaos spawn (Zig:4)
  An elf zombie (Zig:11)
  5 fire elementals
  6 redbacks
  2 humans (shapeshifter)
  3 wyverns
  44 deep elf magi
  A yaktaur simulacrum (Vaults:3)
  42 deep elf fighters
  18 hippogriffs
  6 hungry ghosts
  2 mottled dragons
  31 wolves
  A steam dragon (Lair:7)
  3 harpy simulacra (IceCv)
  13 wargs
  Edmund (D:9)
  65 nagas
  A neqoxec (Depths:1)
  43 water moccasins
  4 iron troll simulacra (IceCv)
  3 deep troll zombies (Depths:4)
  16 hell hounds
  5 hydra simulacra (IceCv)
  2 swamp drakes
  6 porcupines
  A spiny frog zombie (Crypt:1)
  2 black bears
  4 sky beasts
  A black bear (shapeshifter) (D:13)
  3 phantoms
  A ghost crab zombie (Crypt:1)
  A manticore zombie (Crypt:1)
  8 necrophages
  30 orc warriors
  A human zombie (Vaults:3)
  19 ice beasts
  76 ogres
  3 eyes of draining
  A swamp dragon zombie (Tomb:1)
  An anubis guard skeleton (Crypt:1)
  A manticore skeleton (Crypt:2)
  26 centaurs
  16 crocodiles
  4 boggarts
  An ice dragon simulacrum (Tomb:1)
  2 boring beetles
  A lost soul (Crypt:3)
  A snapping turtle skeleton (Hell)
  Sigmund (D:2)
  Duvessa (D:5)
  A yaktaur zombie (Vaults:3)
  The ghost of cdice the Charmwright, an average VSSk (D:3)
  2 gnoll sergeants (D:9)
  A vine stalker zombie (Crypt:2)
  Blork the orc (Orc:4)
  A brain worm (D:15)
  2 wyvern zombies (D:7)
  20 giant frogs
  A yaktaur skeleton (Zig:3)
  2 big kobolds (D:11)
  18 killer bees
  8 scorpions
  A warg skeleton (Crypt:2)
  An electric eel (Lair:4)
  An elephant simulacrum (IceCv)
  9 wights
  A troll skeleton (Crypt:1)
  4 giant frog zombies
  A goliath beetle (D:6)
  5 crimson imps
  Dowan (D:5)
  29 orc priests
  4 quasits (Depths:3)
  A wasp zombie (D:12)
  2 draconian simulacra (IceCv)
  8 hounds
  2 human simulacra
  9 iguanas
  5 centaur zombies
  12 hell rats
  5 jellies
  2 giant frog skeletons
  8 iron imps
  16 worker ants
  2 centaur skeletons
  Natasha (twice) (D:4)
  14 human skeletons
  2 spriggan simulacra (IceCv)
  47 orc wizards
  4 troll simulacra (IceCv)
  A mottled dragon zombie (Crypt:2)
  A deep dwarf skeleton (Crypt:1)
  A necrophage skeleton (Zig:3)
  A centaur simulacrum (IceCv)
  A hound zombie (D:5)
  14 sheep
  Terence (D:2)
  A hound skeleton (D:6)
  7 mummies
  26 adders
  An ogre simulacrum (IceCv)
  17 gnolls
  5 naga simulacra (IceCv)
  22 white imps
  78 river rats
  6 shadow imps
  4 worms
  5 ufetubi (IceCv)
  An adder zombie (D:3)
  An adder skeleton (Crypt:1)
  8 giant geckos
  An ooze (shapeshifter) (Vaults:5)
  232 orcs
  4 bat skeletons
  A bat zombie (D:5)
  11 giant cockroaches
  16 hobgoblins
  12 jackals
  10 quokkas
  4 ball pythons
  14 bats
  A giant gecko zombie (D:4)
  7 giant newts
  26 goblins
  22 kobolds
  6 orc zombies
  15 rats
  A spectral orc (D:15)
  7 crawling corpses
  4 fungi
  4 plants
  6 tentacles
3443 creatures vanquished.

Vanquished Creatures (others)
  Vashnia (Snake:3)
  2 deep elf master archers (Elf:3)
  A tengu reaver (Vaults:3)
  2 fire giants
  A vault warden (Vaults:5)
  An ironheart preserver (Vaults:3)
  3 stone giants
  A deep elf annihilator (Elf:3)
  4 merfolk javelineers
  A quicksilver dragon zombie (Crypt:2)
  A deep elf high priest (Depths:3)
  A yaktaur captain (Vaults:5)
  2 centaur warriors
  An ogre mage (Vaults:5)
  2 satyrs
  3 naga sharpshooters
  3 deep elf knights
  A shadow wraith (Vaults:5)
  A harpy (Zig:2)
  3 fauns
  2 cyclopes
  A moth of wrath (Zot:1)
  23 drowned souls
  A naga mage (Snake:5)
  A black mamba (Snake:3)
  11 yaktaurs
  A troll (D:11)
  3 deep elf priests
  A slime creature (Vaults:1)
  A raven (D:15)
  An ettin skeleton (Hell)
  A fire elemental (Hell)
  5 deep elf fighters
  A naga (Snake:5)
  A slave (D:4)
  7 centaurs
  A swamp drake (Zot:2)
  2 ogres (Vaults:5)
  8 lost souls
  An orc priest (D:4)
  An orc wizard (Orc:1)
  Ijyb (D:4)
  A worm (D:4)
  3 orcs
  2 hobgoblins
  3 kobolds (D:11)
  A giant newt (D:4)
  A goblin (Orc:2)
  A rat (D:4)
  4 fungi
  5 plants
  104 tentacles
  2885 tentacle segments
3120 creatures vanquished.

Grand Total: 6563 creatures vanquished

Notes
Turn   | Place    | Note
--------------------------------------------------------------
     0 | D:1      | jacksonaction, the Minotaur Fighter, began the quest for the Orb.
     0 | D:1      | Reached XP level 1. HP: 19/19 MP: 1/1
   273 | D:1      | Reached XP level 2. HP: 9/26 MP: 1/1
   653 | D:1      | Reached skill level 1 in Maces & Flails
   912 | D:2      | Reached XP level 3. HP: 27/31 MP: 2/2
   971 | D:2      | Noticed Terence
   979 | D:2      | Killed Terence
  1271 | D:2      | Reached XP level 4. HP: 39/39 MP: 2/2
  1277 | D:2      | Noticed Sigmund
  1303 | D:2      | Killed Sigmund
  1303 | D:2      | Reached skill level 5 in Maces & Flails
  1303 | D:2      | Reached XP level 5. HP: 32/45 MP: 2/2
  1473 | D:3      | Noticed cdice's ghost (average VSSk)
  1479 | D:3      | Killed cdice's ghost
  1479 | D:3      | Reached skill level 6 in Maces & Flails
  1648 | D:3      | Noticed a centaur
  1667 | D:3      | Killed a centaur
  1667 | D:3      | Reached XP level 6. HP: 39/51 MP: 3/3
  1704 | D:3      | Found a sacrificial altar of Ru.
  1719 | D:3      | Reached skill level 7 in Maces & Flails
  2267 | D:4      | Noticed Pikel
  2310 | D:3      | Killed Pikel
  2310 | D:3      | Reached XP level 7. HP: 43/57 MP: 3/3
  2512 | D:4      | Reached skill level 8 in Armour
  2770 | D:4      | Reached XP level 8. HP: 57/64 MP: 3/3
  2798 | D:4      | Noticed Natasha
  2811 | D:4      | Reached skill level 9 in Armour
  2816 | D:4      | Killed Natasha
  2842 | D:4      | Killed Ijyb
  2856 | D:4      | Found a sparkling altar of Nemelex Xobeh.
  3287 | D:4      | Found a deep blue altar of Sif Muna.
  3309 | D:4      | Noticed Natasha
  3312 | D:4      | Killed Natasha
  3372 | D:5      | Entered Level 5 of the Dungeon
  3393 | D:5      | Reached skill level 5 in Shields
  3484 | D:5      | Found a burning altar of Makhleb.
  3500 | D:5      | Found a glowing silver altar of Zin.
  3500 | D:5      | Noticed a green death
  3500 | D:5      | Noticed an angel
  3655 | D:5      | Noticed Dowan
  3656 | D:5      | Noticed Duvessa
  3668 | D:5      | Killed Dowan
  3692 | D:5      | Killed Duvessa
  4299 | D:6      | Reached XP level 9. HP: 39/70 MP: 4/4
  4404 | D:6      | Noticed SolCadguy's ghost (experienced DrWr)
  4496 | D:6      | Got a fine mace
  4539 | D:5      | Reached skill level 10 in Maces & Flails
  4565 | D:5      | Identified the +4 mace "Impbane" {holy, rF+ rC+ MR+ Dex-3 SInv} (You found it on level 6 of the Dungeon)
  4857 | D:6      | Found a staircase to the Ecumenical Temple.
  4865 | Temple   | Entered the Ecumenical Temple
  4997 | Temple   | Became a worshipper of Warmaster Okawaru
  5779 | D:6      | Reached skill level 11 in Maces & Flails
  6106 | D:7      | Reached skill level 1 in Invocations
  6194 | D:7      | Acquired Okawaru's first power
  6743 | D:7      | Reached skill level 12 in Maces & Flails
  7552 | D:8      | Found a blossoming altar of Fedhas.
  7556 | D:8      | Found a sacrificial altar of Ru.
  7561 | D:8      | Found a bloodstained altar of Trog.
  7829 | D:8      | Reached skill level 5 in Invocations
  8200 | D:8      | Reached XP level 10. HP: 77/77 MP: 12/12
  8683 | D:9      | Noticed an unseen horror
  8697 | D:9      | Killed an unseen horror
  8717 | D:9      | Noticed an unseen horror
  8721 | D:9      | Noticed a hill giant
  8735 | D:9      | Killed a hill giant
  8817 | D:9      | Reached skill level 10 in Shields
  8899 | D:9      | Reached skill level 1 in Evocations
  9051 | D:9      | Killed an unseen horror
  9220 | D:9      | Reached skill level 5 in Evocations
  9560 | D:9      | Reached XP level 11. HP: 82/82 MP: 10/13
  9643 | D:9      | Noticed Edmund
  9679 | D:9      | Killed Edmund
  9803 | D:10     | Entered Level 10 of the Dungeon
  9846 | D:10     | Found a staircase to the Orcish Mines.
 10069 | D:10     | Reached skill level 13 in Maces & Flails
 10123 | D:10     | Found Iwnakkasunt's Book Shoppe.
 10312 | D:10     | Noticed Josephine
 10331 | D:10     | Killed Josephine
 10331 | D:10     | Reached skill level 10 in Armour
 11167 | Orc:1    | Entered Level 1 of the Orcish Mines
 11425 | Orc:2    | Noticed Erolcha
 11434 | Orc:2    | Killed Erolcha
 11540 | Orc:2    | Reached skill level 1 in Spellcasting
 12342 | Orc:3    | Found a staircase to the Elven Halls.
 12447 | Orc:3    | Noticed Gastronok
 12486 | Orc:3    | Killed Gastronok
 12486 | Orc:3    | Reached XP level 12. HP: 79/90 MP: 18/18
 12553 | Orc:3    | Acquired Okawaru's second power
 12638 | Orc:3    | Found Kualuiczih's Weapon Emporium.
 12638 | Orc:3    | Noticed Snorg
 12653 | Orc:3    | Killed Snorg
 13145 | Orc:3    | Noticed Sonja
 13153 | Orc:3    | Killed Sonja
 13153 | Orc:3    | Received a gift from Okawaru
 13318 | Orc:4    | Entered Level 4 of the Orcish Mines
 13322 | Orc:4    | Reached skill level 5 in Throwing
 13599 | Orc:4    | Reached skill level 5 in Fighting
 13634 | Orc:4    | Found Teohah's Jewellery Shop.
 13755 | Orc:4    | Noticed an ogre mage
 13782 | Orc:4    | Killed an ogre mage
 13782 | Orc:4    | Received a gift from Okawaru
 13846 | Orc:4    | Noticed an ogre mage
 13870 | Orc:4    | Killed an ogre mage
 14019 | Orc:4    | Found Cueciat's Armour Boutique.
 14222 | Orc:4    | Reached skill level 10 in Fighting
 14234 | Orc:4    | Found Suaggas' Gadget Shop.
 14236 | Orc:4    | Found Pioprihi's Antique Armour Shoppe.
 14440 | Orc:4    | Found Mank's Jewellery Boutique.
 14569 | Orc:4    | Noticed Blork the orc
 14578 | Orc:4    | Killed Blork the orc
 14805 | Orc:4    | Received a gift from Okawaru
 15071 | Orc:4    | Learned a level 2 spell: Blink
 15186 | Orc:4    | Bought a wand of hasting (5) for 702 gold pieces
 15196 | Orc:4    | Bought the ring "Crey" {rPois Str-2 Int+10} for 613 gold pieces
 15397 | Orc:1    | Reached skill level 1 in Translocations
 15445 | Orc:1    | Found a roughly hewn altar of Beogh.
 15735 | Orc:1    | Found Delor's Assorted Antiques.
 15748 | Orc:1    | Bought a murky dark potion for 23 gold pieces
 15748 | Orc:1    | Bought a pink potion for 23 gold pieces
 15748 | Orc:1    | Bought a scroll of identify for 52 gold pieces
 15748 | Orc:1    | Bought a scroll of identify for 52 gold pieces
 15776 | Orc:1    | Noticed Shade's ghost (experienced DsWz)
 15794 | Orc:1    | Killed Shade's ghost
 15794 | Orc:1    | Received a gift from Okawaru
 15794 | Orc:1    | Reached XP level 13. HP: 93/113 MP: 18/18
 16703 | D:11     | Found a staircase to the Lair.
 16861 | D:11     | Found Shral's Armour Boutique.
 17367 | Lair:1   | Entered Level 1 of the Lair of Beasts
 17387 | Lair:1   | Noticed Erica
 17399 | Lair:1   | Killed Erica
 17399 | Lair:1   | Reached skill level 14 in Maces & Flails
 17723 | Lair:1   | Noticed Fannar
 17763 | Lair:1   | Killed Fannar
 18015 | Lair:1   | Reached skill level 15 in Maces & Flails
 18759 | Lair:2   | Reached skill level 16 in Maces & Flails
 18797 | Lair:2   | Got a crystal hunting sling
 18798 | Lair:2   | Identified the +3 hunting sling of Zin's Hatred {venom, SInv} (You found it on level 2 of the Lair of Beasts)
 19407 | Lair:3   | Found a staircase to the Snake Pit.
 19712 | Lair:3   | Learned a level 2 spell: Song of Slaying
 19789 | Lair:3   | Reached skill level 1 in Charms
 20309 | Snake:1  | Entered Level 1 of the Snake Pit
 20485 | Snake:1  | Received a gift from Okawaru
 20597 | Snake:1  | Found Cischyazi's Magic Scroll Shoppe.
 20652 | Snake:1  | Bought a scroll of identify for 36 gold pieces
 20652 | Snake:1  | Bought a scroll of identify for 36 gold pieces
 20652 | Snake:1  | Bought a scroll of identify for 36 gold pieces
 20652 | Snake:1  | Bought a scroll of identify for 36 gold pieces
 20755 | Snake:1  | Reached XP level 14. HP: 119/121 MP: 18/18
 21286 | Snake:2  | Noticed Norris
 21329 | Snake:2  | Killed Norris
 21329 | Snake:2  | Reached skill level 5 in Charms
 21681 | Snake:2  | Found a runed gate.
 21681 | Snake:2  | Found a runed gate.
 21681 | Snake:2  | Found a runed gate.
 22404 | Snake:3  | Noticed Vashnia
 23427 | Snake:2  | Received a gift from Okawaru
 23708 | Snake:2  | Reached skill level 1 in Slings
 24096 | Lair:4   | Found a staircase to the Shoals.
 24626 | Lair:4   | Received a gift from Okawaru
 24640 | Lair:4   | Got a silken robe {god gift}
 24652 | Lair:4   | Identified the +0 robe of Twakoeg {-Tele rElec Str+5 Dex+3} (Okawaru gifted it to you on level 4 of the Lair of Beasts)
 25026 | Lair:5   | Found a burning altar of Makhleb.
 25283 | Lair:5   | Reached XP level 15. HP: 103/126 MP: 14/20
 26163 | D:10     | Bought a book of Burglary for 975 gold pieces
 26166 | D:10     | Learned a level 2 spell: Swiftness
 26173 | D:10     | Learned a level 6 spell: Invisibility
 26716 | Lair:6   | Found a staircase to the Slime Pits.
 26941 | Lair:7   | Reached skill level 17 in Maces & Flails
 27015 | Lair:7   | Reached skill level 1 in Air Magic
 27383 | Lair:7   | Received a gift from Okawaru
 27747 | Lair:8   | Entered Level 8 of the Lair of Beasts
 27808 | Lair:8   | Reached skill level 1 in Hexes
 28308 | Lair:8   | Got a warped bone ring
 28310 | Lair:8   | Identified the ring "Caorphu" {Wiz rF+} (You found it on level 8 of the Lair of Beasts)
 28786 | Lair:8   | Learned a level 6 spell: Statue Form
 28788 | Lair:8   | Identified the Disquisition on Dark Arts
 28803 | Lair:8   | Identified a scroll of acquirement
 29062 | Lair:8   | Reached skill level 5 in Hexes
 29654 | Lair:8   | Got a dazzling cloak
 29665 | Lair:8   | Identified the +1 cloak of Impatience {MR- Str+8 Int+2} (You acquired it on level 8 of the Lair of Beasts)
 29821 | Shoals:1 | Entered Level 1 of the Shoals
 29975 | Shoals:1 | Found Cloxkiun's Jewellery Shop.
 30441 | Shoals:1 | Received a gift from Okawaru
 30467 | Shoals:1 | Upgraded the game from 0.16.1-11-g651b585 to 0.16.1-12-gf5c4a84
 30556 | Shoals:2 | Reached XP level 16. HP: 117/137 MP: 19/20
 30868 | Shoals:2 | Reached skill level 15 in Armour
 31520 | Shoals:2 | Reached skill level 5 in Slings
 31539 | Shoals:2 | Noticed a kraken
 31906 | Shoals:3 | Found a frozen archway.
 31960 | IceCv    | Entered an ice cave
 32183 | IceCv    | Reached skill level 5 in Dodging
 33097 | Shoals:3 | Received a gift from Okawaru
 33561 | Shoals:3 | Got a fine chain mail
 33572 | Shoals:3 | Identified the +7 chain mail of the Lily {MR- Str+6 Dex+4} (You found it on level 3 of the Shoals)
 33956 | Shoals:4 | Found Erus' Assorted Antiques.
 33966 | Shoals:4 | Reached skill level 10 in Dodging
 34038 | Shoals:4 | Bought a scroll of identify for 74 gold pieces
 34038 | Shoals:4 | Bought a scroll of identify for 74 gold pieces
 34522 | Shoals:4 | Learned a level 3 spell: Flight
 34662 | Shoals:4 | Noticed Aizul
 34689 | Shoals:4 | Received a gift from Okawaru
 34923 | Shoals:4 | Killed Aizul
 35166 | Shoals:5 | Entered Level 5 of the Shoals
 35330 | Shoals:5 | Reached XP level 17. HP: 119/144 MP: 17/21
 35340 | Shoals:5 | Received a gift from Okawaru
 35442 | Shoals:5 | Noticed Ilsuiw
 36357 | Shoals:5 | Killed Ilsuiw
 36357 | Shoals:5 | Reached skill level 15 in Dodging
 37210 | Shoals:5 | Received a gift from Okawaru
 37490 | Shoals:5 | Got a barnacled rune of Zot
 37775 | Shoals:2 | Received a gift from Okawaru
 37807 | Shoals:1 | Bought the amulet of the Final Decision {Gourm rC+ rN+} for 964 gold pieces
 38069 | Elf:1    | Entered Level 1 of the Elven Halls
 38673 | Elf:1    | Identified Vehumet's Collected Works on Confrontation (You found it on level 1 of the Elven Halls)
 38800 | Elf:1    | Reached XP level 18. HP: 151/151 MP: 23/23
 38856 | Elf:1    | Identified the Guide on Evil
 38861 | Elf:1    | Learned a level 3 spell: Vampiric Draining
 38967 | Elf:1    | Reached skill level 1 in Necromancy
 40553 | D:13     | Found a large runed door.
 40554 | D:13     | Found a large runed door.
 40582 | D:13     | Received a gift from Okawaru
 40657 | D:13     | Reached skill level 5 in Spellcasting
 41075 | D:13     | Found a gate to the Vaults.
 41124 | Vaults:1 | Entered Level 1 of the Vaults
 41186 | Vaults:1 | Received a gift from Okawaru
 41437 | Vaults:1 | Learned a level 6 spell: Haste
 41486 | Vaults:1 | Reached skill level 18 in Maces & Flails
 41939 | Vaults:1 | Received a gift from Okawaru
 43050 | Vaults:2 | Reached XP level 19. HP: 114/157 MP: 27/27
 43340 | Vaults:2 | Received a gift from Okawaru
 43721 | Vaults:2 | Reached skill level 10 in Charms
 43906 | Vaults:2 | Received a gift from Okawaru
 44752 | Vaults:3 | Noticed Sojobo
 45471 | Vaults:3 | Received a gift from Okawaru
 45550 | Vaults:3 | Found a staircase to the Crypt.
 45550 | Vaults:3 | Found a basalt altar of Yredelemnul.
 45555 | Vaults:3 | Found an ancient bone altar of Kikubaaqudgha.
 45707 | Vaults:3 | Killed Sojobo
 45707 | Vaults:3 | Received a gift from Okawaru
 45708 | Vaults:3 | Got a jewelled cloak {god gift}
 46122 | Vaults:3 | Reached skill level 19 in Maces & Flails
 46244 | Vaults:3 | Identified the -1 cloak of a bailey {rN+ MP+9 Str-5 Dex+3 Stlth+} (Okawaru gifted it to you on level 3 of the Vaults)
 46618 | Vaults:3 | Found Istant's Armour Shoppe.
 47100 | Vaults:4 | Reached XP level 20. HP: 102/165 MP: 31/31
 47751 | Vaults:4 | Found Mnipaeju's Food Boutique.
 47759 | Vaults:4 | Bought 2 fruits for 42 gold pieces
 48589 | Vaults:4 | Received a gift from Okawaru
 49093 | Vaults:4 | Paralysed by a sphinx for 2 turns
 49386 | Vaults:4 | Reached skill level 1 in Transmutations
 50279 | Elf:2    | Found a runed gate.
 50279 | Elf:2    | Found a runed gate.
 50279 | Elf:2    | Found a runed gate.
 50417 | Elf:2    | Reached skill level 1 in Earth Magic
 51005 | Elf:3    | Entered Level 3 of the Elven Halls
 51407 | Elf:3    | Reached skill level 5 in Earth Magic
 51650 | Elf:3    | Reached skill level 5 in Transmutations
 51951 | Elf:3    | Got a warped iron ring
 51953 | Elf:3    | Identified the ring of Khophu Naxi {Wiz rN+ MR+ Str+4} (You took it off a deep elf demonologist on level 3 of the Elven Halls)
 51996 | Elf:3    | Received a gift from Okawaru
 52057 | Elf:3    | Got a bone great mace {drain}
 52534 | Elf:3    | Received a gift from Okawaru
 52540 | Elf:3    | Reached XP level 21. HP: 107/171 MP: 30/33
 52872 | Elf:3    | Got a coiled wooden ring
 52878 | Elf:3    | Identified a +2 rod of clouds (9/9) (You took it off a deep elf demonologist on level 3 of the Elven Halls)
 52885 | Elf:3    | Identified the ring of Cady {Wiz Str+5 Dex-2} (You took it off a deep elf demonologist on level 3 of the Elven Halls)
 53143 | Elf:3    | Got a twisted spear
 53144 | Elf:3    | Identified the +5 spear "Sich" {flame, Int+4} (You took it off a deep elf demonologist on level 3 of the Elven Halls)
 53389 | Elf:3    | Noticed Mara
 53406 | Elf:3    | Noticed jacksonaction's illusion
 53416 | Elf:3    | Killed Mara
 53675 | Elf:3    | Reached skill level 10 in Spellcasting
 53851 | Elf:3    | Got an ancient greatsling
 53852 | Elf:3    | Identified the cursed +1 greatsling of Integrity {venom, rF+ MR+ MP+9} (You found it on level 3 of the Elven Halls)
 53871 | Elf:3    | Got a brightly glowing broad axe
 53872 | Elf:3    | Identified the +6 broad axe of Sharkskin {venom, +Blink MP+9 Str+3} (You found it on level 3 of the Elven Halls)
 53881 | Elf:3    | Reached XP level 22. HP: 179/179 MP: 34/34
 54750 | Crypt:1  | Entered Level 1 of the Crypt
 54891 | Crypt:1  | Found an ancient bone altar of Kikubaaqudgha.
 55842 | Crypt:2  | Noticed Saint Roka
 55880 | Crypt:2  | Killed Saint Roka
 56131 | Crypt:2  | Received a gift from Okawaru
 56600 | Crypt:2  | Received a gift from Okawaru
 56656 | Crypt:2  | Noticed Jory
 56672 | Crypt:2  | Killed Jory
 57186 | Crypt:2  | Paralysed by a vampire knight for 3 turns
 57423 | Crypt:3  | Entered Level 3 of the Crypt
 57514 | Crypt:3  | Received a gift from Okawaru
 57867 | Crypt:3  | Found a basalt altar of Yredelemnul.
 58226 | Crypt:3  | Reached XP level 23. HP: 172/185 MP: 35/35
 58579 | Crypt:3  | Received a gift from Okawaru
 58586 | Crypt:3  | Got a dazzling falchion {god gift}
 58587 | Crypt:3  | Identified the +5 falchion "Izemiwiaso" {freeze, *Rage MR+ MP+9 Int+3} (Okawaru gifted it to you on level 3 of the Crypt)
 58823 | Crypt:3  | Reached skill level 10 in Transmutations
 59043 | Crypt:3  | Found a staircase to the Tomb.
 59662 | Crypt:3  | Got a brightly glowing mace
 59663 | Crypt:3  | Identified the cursed +2 mace "Z" {pain, +Blink rC- Dex+2} (You found it on level 3 of the Crypt)
 60374 | Snake:3  | Killed Vashnia
 61014 | Snake:3  | Noticed a greater naga
 61026 | Snake:3  | Killed a greater naga
 61455 | Snake:3  | Got a flickering silver ring
 61457 | Snake:3  | Identified the ring of the Special Wonders {Wiz Str+7 Slay+3} (You found it on level 3 of the Snake Pit)
 61983 | Snake:4  | Received a gift from Okawaru
 62133 | Snake:4  | Reached skill level 10 in Earth Magic
 62821 | Snake:5  | Entered Level 5 of the Snake Pit
 63109 | Snake:5  | Noticed Frances
 63130 | Snake:5  | Killed Frances
 63341 | Snake:5  | Received a gift from Okawaru
 64107 | Snake:5  | Got a serpentine rune of Zot
 64259 | Snake:5  | Reached XP level 24. HP: 192/192 MP: 28/37
 64285 | Snake:5  | Received a gift from Okawaru
 64799 | Lair:3   | Learned a level 3 spell: Regeneration
 64928 | D:10     | Bought a book of Spatial Translocations for 845 gold pieces
 64932 | D:10     | Learned a level 3 spell: Portal Projectile
 65760 | D:15     | Entered Level 15 of the Dungeon
 65811 | D:15     | Learned a level 2 spell: Cure Poison
 65847 | D:15     | Noticed Rupert
 65865 | D:15     | Killed Rupert
 66314 | D:15     | Noticed Azrael
 66322 | D:15     | Killed Azrael
 66323 | D:15     | Noticed Nergalle
 66332 | D:15     | Killed Nergalle
 66348 | D:15     | Reached skill level 1 in Poison Magic
 66401 | D:15     | Noticed Nessos
 66407 | D:15     | Killed Nessos
 66713 | D:15     | Found a staircase to the Depths.
 66796 | D:15     | Gained mutation: You evolve. [potion of beneficial mutation]
 66864 | Depths:1 | Entered Level 1 of the Depths
 67081 | Depths:1 | Found a gateway to Hell.
 67233 | Depths:1 | Paralysed by a great orb of eyes for 3 turns
 67369 | Depths:1 | Found a runed door.
 67381 | Depths:1 | Received a gift from Okawaru
 67384 | Depths:1 | Got a dazzling ring mail {god gift}
 67395 | Depths:1 | Identified the +5 ring mail of the Four Wonders {rPois rF- rN++ Str-5 Dex+2} (Okawaru gifted it to you on level 1 of the Depths)
 67433 | Depths:1 | Found a portal to a secret trove of treasure.
 67886 | Depths:1 | Found a one-way gate leading to the halls of Pandemonium.
 67923 | Depths:1 | Gained mutation: Your magical capacity is low (-10% MP). [a neqoxec]
 68155 | Depths:1 | Gained mutation: You are partially covered in iridescent scales (AC +4). [evolution]
 68174 | Depths:1 | Found a roughly hewn altar of Beogh.
 68438 | D:13     | Found a shattered altar of Ashenzari.
 68450 | D:13     | Found a burning altar of Makhleb.
 69120 | Depths:1 | You paid a toll of a +4 demon blade to enter a treasure trove
 69121 | Trove    | Entered a treasure trove
 69127 | Trove    | Got a dazzling shield
 69138 | Trove    | Identified the +4 shield of Qaephoa {rF- Int+4} (You found it in a treasure trove)
 69150 | Trove    | Got a smoking chain mail
 69161 | Trove    | Identified the +8 chain mail of Dithmenos' Hatred {rC+ rCorr Dex-3} (You found it in a treasure trove)
 69166 | Trove    | Got an ichor-stained scale mail
 69177 | Trove    | Identified the +1 scale mail "Beiff" {rElec Str-4 Dex+7} (You found it in a treasure trove)
 69419 | Depths:2 | Found a one-way gate to the infinite horrors of the Abyss.
 69433 | Depths:2 | Found a glowing golden altar of the Shining One.
 69949 | Depths:2 | Reached skill level 15 in Shields
 70273 | Depths:2 | Received a gift from Okawaru
 70274 | Depths:2 | Got a pitted flail {god gift}
 70275 | Depths:2 | Identified the +3 flail "Pixufea" {venom, rPois Int-3 Stlth+} (Okawaru gifted it to you on level 2 of the Depths)
 70517 | Depths:3 | Reached XP level 25. HP: 190/199 MP: 31/34
 71281 | Depths:3 | Identified a +0 rod of inaccuracy (13/13) (You found it on level 3 of the Depths)
 71337 | Depths:3 | Got a shimmering scythe
 71338 | Depths:3 | Identified the +5 scythe "Pnickeit" {holy, rF+} (You found it on level 3 of the Depths)
 71342 | Depths:3 | Identified a +6 rod of inaccuracy (13/13) (You found it on level 3 of the Depths)
 71452 | Depths:3 | Got a warped copper ring
 71454 | Depths:3 | Identified the cursed ring "Pruo" {+Fly rPois rC- AC-4} (You found it on level 3 of the Depths)
 72242 | Depths:4 | Received a gift from Okawaru
 72560 | Depths:4 | Found a gateway to a ziggurat.
 72728 | Depths:4 | Received a gift from Okawaru
 73190 | Depths:5 | Entered Level 5 of the Depths
 73485 | Depths:5 | Found an ancient bone altar of Kikubaaqudgha.
 73835 | Depths:5 | Gained mutation: You occasionally shout uncontrollably at your foes. [mutagenic glow]
 74026 | Depths:5 | Gained mutation: Your body is slowly deteriorating. [mutagenic glow]
 74075 | Depths:5 | Reached skill level 20 in Maces & Flails
 74746 | Depths:5 | Found a gate to the Realm of Zot.
 75322 | Tomb:1   | Entered Level 1 of the Tomb of the Ancients
 75485 | Tomb:1   | Reached skill level 10 in Slings
 75775 | Tomb:1   | Noticed an ancient lich
 76173 | Vaults:4 | Lost mutation: Your body is slowly deteriorating. [potion of cure mutation]
 76173 | Vaults:4 | Lost mutation: Your magical capacity is low (-10% MP). [potion of cure mutation]
 76173 | Vaults:4 | Lost mutation: You occasionally shout uncontrollably at your foes. [potion of cure mutation]
 76173 | Vaults:4 | Lost mutation: You evolve. [potion of cure mutation]
 76173 | Vaults:4 | Lost mutation: You are partially covered in iridescent scales (AC +4). [potion of cure mutation]
 76179 | Vaults:5 | Entered Level 5 of the Vaults
 76442 | Vaults:4 | Reached XP level 26. HP: 36/210 MP: 29/38
 76611 | Vaults:5 | Received a gift from Okawaru
 77250 | Vaults:5 | Received a gift from Okawaru
 77461 | Vaults:5 | Reached skill level 15 in Fighting
 77726 | Vaults:5 | Received a gift from Okawaru
 77840 | Vaults:5 | Got a slimy glass ring
 77854 | Vaults:5 | Identified the ring of False Pretenses {Fire rElec MR- Dex+5 Stlth-} (You took it off a vault guard on level 5 of the Vaults)
 78071 | Vaults:5 | Received a gift from Okawaru
 78234 | Vaults:5 | Got a silver rune of Zot
 78406 | Vaults:5 | Noticed an ancient lich
 78423 | Vaults:5 | Killed an ancient lich
 78423 | Vaults:5 | Received a gift from Okawaru
 78538 | Vaults:5 | Received a gift from Okawaru
 78624 | Vaults:5 | Got a steaming hand crossbow
 78625 | Vaults:5 | Identified the cursed +0 hand crossbow "Stemnej" {elec, Int+4} (You found it on level 5 of the Vaults)
 78866 | Vaults:5 | Reached skill level 10 in Hexes
 79036 | Vaults:5 | Identified the Incunabulum of Poisonous Arcane Weapons
 79200 | Vaults:5 | Reached skill level 5 in Translocations
 79265 | Vaults:5 | Got a shimmering steel ring
 79267 | Vaults:5 | Identified the ring of Balance {+Fly MP+9 Str-4 Dex+3 Stlth+} (You took it off an ironheart preserver on level 5 of the Vaults)
 79317 | Vaults:5 | Reached XP level 27. HP: 228/228 MP: 39/39
 79511 | Vaults:5 | Received a gift from Okawaru
 79608 | Vaults:5 | Identified Sif Muna's Handbook of Ensnaring Companions
 79663 | Vaults:5 | Identified Sif Muna's Disquisition on the Hurtful Mountains (You found it on level 5 of the Vaults)
 79667 | Vaults:5 | Learned a level 2 spell: Stoneskin
 80452 | Zot:1    | Entered Level 1 of the Realm of Zot
 81161 | Zot:1    | Received a gift from Okawaru
 81440 | Zot:1    | Reached skill level 10 in Translocations
 81530 | Zot:1    | Gained mutation: Your body is slowly deteriorating. [mutagenic glow]
 81726 | Zot:1    | Noticed an orb of fire
 82071 | Zot:2    | Received a gift from Okawaru
 82221 | Zot:2    | Learned a level 7 spell: Controlled Blink
 82419 | Zot:2    | Received a gift from Okawaru
 82793 | Zot:2    | Received a gift from Okawaru
 83037 | Zot:2    | Gained mutation: Space occasionally distorts in your vicinity. [mutagenic glow]
 83085 | Zot:2    | Lost mutation: Your body is slowly deteriorating. [potion of cure mutation]
 83085 | Zot:2    | Lost mutation: Space occasionally distorts in your vicinity. [potion of cure mutation]
 83835 | Zot:3    | Received a gift from Okawaru
 85072 | Zot:3    | Received a gift from Okawaru
 86215 | Zot:4    | Found a glowing silver altar of Zin.
 87245 | Zot:4    | Received a gift from Okawaru
 87485 | Zot:4    | Received a gift from Okawaru
 87675 | Zot:4    | Identified the Compendium of Fire and Brimstone
 87693 | Zot:4    | Identified the Almanac of the Zealot (You found it on level 4 of the Realm of Zot)
 87861 | Zot:4    | Reached skill level 10 in Invocations
 88354 | Zot:5    | Entered Level 5 of the Realm of Zot
 88631 | Zot:5    | Received a gift from Okawaru
 88982 | Zot:5    | Noticed an orb of fire
 88999 | Zot:5    | Noticed an ancient lich
 89062 | Zot:5    | Noticed an ancient lich
 89091 | Zot:5    | Killed an ancient lich
 89091 | Zot:5    | Received a gift from Okawaru
 89885 | Orc:4    | Bought the ring of Freedom {+Inv rPois rF+ rC- Str+3 Int-5} for 448 gold pieces
 89885 | Orc:4    | Bought an uncursed amulet of stasis for 245 gold pieces
 90163 | Hell     | Entered the Vestibule of Hell
 90163 | Hell     | Noticed Geryon
 90221 | Hell     | Killed Geryon
 90845 | Zig:1    | Entered Level 1 of a ziggurat
 90864 | Zig:2    | Entered Level 2 of a ziggurat
 90906 | Zig:2    | Got a jewelled flail
 90907 | Zig:2    | Identified the +6 flail of Irris {crush, rElec rF- MP+9 Dex+4} (You found it on level 2 of a ziggurat)
 90928 | Zig:3    | Entered Level 3 of a ziggurat
 90945 | Zig:3    | Received a gift from Okawaru
 91001 | Zig:4    | Entered Level 4 of a ziggurat
 91008 | Zig:4    | Reached skill level 15 in Invocations
 91028 | Zig:4    | Identified the Guide on Unholy Rituals
 91039 | Zig:4    | Got a heavily runed plate armour
 91050 | Zig:4    | Identified the cursed -10 plate armour of Experimentation {Int+4} (You found it on level 4 of a ziggurat)
 91070 | Zig:5    | Entered Level 5 of a ziggurat
 91136 | Zig:6    | Entered Level 6 of a ziggurat
 91203 | Zig:6    | Got a dazzling plate armour
 91214 | Zig:6    | Identified the cursed -3 plate armour of Geept {rElec rPois rF+ Int-3 Dex+2} (You found it on level 6 of a ziggurat)
 91299 | Zig:7    | Entered Level 7 of a ziggurat
 91435 | Zig:7    | Got a warped long sword
 91665 | Zig:8    | Entered Level 8 of a ziggurat
 91776 | Zig:8    | Noticed an ancient lich
 91795 | Zig:8    | Killed an ancient lich
 91812 | Zig:8    | Got a heavily runed ruby amulet
 91814 | Zig:8    | Identified the amulet of Equivalence {rCorr rElec MR+ MP+9 Slay+3} (You found it on level 8 of a ziggurat)
 91822 | Zig:8    | Got a shimmering mace
 91823 | Zig:8    | Identified the +7 mace of Jaegof Strerch {freeze, rPois rC+} (You found it on level 8 of a ziggurat)
 91835 | Zig:8    | Learned a level 5 spell: Iskenderun's Battlesphere
 91839 | Zig:8    | Identified a +4 rod of ignition (10/10) (You found it on level 8 of a ziggurat)
 91912 | Zig:9    | Entered Level 9 of a ziggurat
 91962 | Zig:9    | Gained mutation: Armour fits poorly on your strangely shaped body. [mutagenic glow]
 92078 | Zig:9    | Got an iridescent trident
 92079 | Zig:9    | Identified the +9 trident of Okawaru's Outrage {flame, rC+ rN+ Str+4 Dex-5 Stlth+} (You found it on level 9 of a ziggurat)
 92461 | Zig:10   | Entered Level 10 of a ziggurat
 92497 | Zig:10   | Reached skill level 1 in Polearms
 92570 | Zig:10   | Gained mutation: You are dopey. (Int -2) [mutagenic glow]
 92877 | Zig:10   | Got a crude spear
 92878 | Zig:10   | Identified the +7 spear of Curses {venom, rElec rF+ MR+ Int+3 Stlth-} (You found it on level 10 of a ziggurat)
 92895 | Zig:10   | Lost mutation: You are dopey. (Int -2) [potion of cure mutation]
 92895 | Zig:10   | Lost mutation: Armour fits poorly on your strangely shaped body. [potion of cure mutation]
 92901 | Zig:10   | Got a sparkling iron ring
 92903 | Zig:10   | Identified the ring of Lugonu's Envy {rPois rC+ Str-4 Int+4 Dex+2} (You found it on level 10 of a ziggurat)
 92932 | Zig:11   | Entered Level 11 of a ziggurat
 92963 | Zig:11   | Reached skill level 5 in Polearms
 93094 | Zig:11   | Got a citrine-encrusted scale mail
 93105 | Zig:11   | Identified the +4 scale mail of Kijasm {rPois Int+2} (You found it on level 11 of a ziggurat)
 93435 | Zig:11   | Gained mutation: Your mind is acute. (Int +2) [potion of beneficial mutation]
 93439 | Zig:12   | Entered Level 12 of a ziggurat
 93504 | Zig:12   | Received a gift from Okawaru
 93522 | Zig:12   | HP: 5/225 [frost giant simulacrum (8)]
 93639 | Zig:12   | Gained mutation: Your body is slowly deteriorating. [mutagenic glow]
 94014 | Zig:12   | Learned a level 1 spell: Apportation
 94016 | Zig:12   | Identified the Volume of Gliding Conjuration (You found it on level 12 of a ziggurat)
 94025 | Zig:12   | Learned a level 7 spell: Spellforged Servitor
 94070 | Zig:13   | Entered Level 13 of a ziggurat
 94082 | Zig:13   | Noticed an ancient lich
 94091 | Zig:13   | Noticed an ancient lich
 94113 | Zig:13   | Killed an ancient lich
 94113 | Zig:13   | Received a gift from Okawaru
 94113 | Zig:13   | Reached skill level 10 in Polearms
 94142 | Zig:13   | Killed an ancient lich
 94156 | Zig:13   | Paralysed by a vampire knight for 7 turns
 94160 | Zig:13   | HP: 2/225 [vampire knight/war axe (23)]
 94161 | Zig:13   | Mangled by a phantasmal warrior

Action                   |  1- 3 |  4- 6 |  7- 9 | 10-12 | 13-15 | 16-18 | 19-21 | 22-24 | 25-27 || total
-------------------------+-------+-------+-------+-------+-------+-------+-------+-------+-------++-------
Melee: Long sword        |    27 |       |       |       |       |       |       |       |       ||    27
       Whip              |    49 |   113 |   307 |       |       |       |       |       |       ||   469
       Mace              |       |       |   208 |  1133 |  2058 |  1317 |  1537 |  2876 |  3820 || 12949
       Demon whip        |       |       |       |       |       |   524 |   283 |       |   583 ||  1390
       Hunting sling     |       |       |       |       |       |       |     3 |       |       ||     3
       Trident           |       |       |       |       |       |       |       |       |    56 ||    56
 Fire: Hunting sling     |       |     8 |     8 |       |   126 |   358 |    20 |       |   130 ||   650
       Greatsling        |       |       |       |       |       |       |       |    13 |    75 ||    88
Throw: Stone             |     6 |     7 |     1 |       |       |       |       |       |       ||    14
       Tomahawk          |       |       |     8 |   146 |   272 |       |       |       |       ||   426
       Javelin           |       |       |     7 |     6 |    37 |       |       |       |       ||    50
       Throwing net      |       |       |     1 |       |       |       |       |       |       ||     1
 Cast: Song of Slaying   |       |       |       |       |     6 |     2 |     1 |     8 |     2 ||    19
       Blink             |       |       |       |       |     1 |     3 |     2 |     2 |     2 ||    10
       Flight            |       |       |       |       |       |    11 |       |       |       ||    11
       Vampiric Draining |       |       |       |       |       |     1 |     5 |       |    14 ||    20
       Haste             |       |       |       |       |       |       |       |     6 |    45 ||    51
       Statue Form       |       |       |       |       |       |       |       |     1 |     2 ||     3
       Regeneration      |       |       |       |       |       |       |       |    20 |   206 ||   226
       Cure Poison       |       |       |       |       |       |       |       |     1 |    32 ||    33
       Portal Projectile |       |       |       |       |       |       |       |       |     2 ||     2
       Invisibility      |       |       |       |       |       |       |       |       |     5 ||     5
       Stoneskin         |       |       |       |       |       |       |       |       |     2 ||     2
Invok: Heroism           |       |       |       |    31 |    48 |    57 |    49 |    29 |    66 ||   280
       Finesse           |       |       |       |       |       |       |       |       |     2 ||     2
 Abil: Stop Flying       |       |       |       |       |       |       |       |       |     2 ||     2
       Evoke Flight      |       |       |       |       |       |       |       |       |     2 ||     2
Evoke: Wand              |       |       |       |       |     2 |     1 |       |       |     1 ||     4
  Use: Scroll            |       |       |    11 |     5 |    24 |    16 |     9 |    11 |    35 ||   111
       Potion            |       |       |       |     4 |     6 |     5 |    10 |     5 |    30 ||    60
 Stab: Confused          |       |       |       |       |       |     2 |       |       |       ||     2
       Held in net/web   |       |       |       |       |       |     1 |       |       |       ||     1
       Invisible         |       |       |       |       |       |       |     6 |       |     9 ||    15
       Distracted        |       |       |       |       |       |       |       |     1 |       ||     1
       Petrified         |       |       |       |       |       |       |       |     1 |       ||     1
       Petrifying        |       |       |       |       |       |       |       |       |     1 ||     1
  Eat: Chunk             |     1 |     3 |    19 |    28 |    50 |    52 |    43 |    55 |   105 ||   356
       Royal jelly       |       |       |       |       |     1 |     1 |       |       |     3 ||     5
       Pizza             |       |       |       |       |     1 |       |       |     2 |     1 ||     4
       Beef jerky        |       |       |       |       |       |     2 |       |     5 |    11 ||    18
       Meat ration       |       |       |       |       |       |       |       |       |     2 ||     2
       Fruit             |       |       |       |       |       |       |       |       |     2 ||     2
